 Dungeon Crawl Stone Soup version 0.29-a0-1052-g6990b1bffc (webtiles) character file.

Game seed: 5849717448162462198

4901 hquester1 the Protected (level 10, 0/88 HPs)
             Began as a Minotaur Fighter on Aug 17, 2022.
             Was a Priest of Okawaru.
             Slain by a hornet (10 damage)
             ... while paralysed by a hornet
             ... on level 8 of the Dungeon.
             The game lasted 00:23:36 (9482 turns).

hquester1 the Protected (Minotaur Fighter)          Turns: 9482, Time: 00:23:37

Health: 0/88       AC: 14    Str: 25    XL:     10   Next: 27%
Magic:  9/9        EV:  2    Int:  5    God:    Okawaru [***...]
Gold:   315        SH:  0    Dex: 10    Spells: 9/9 levels left

rFire   . . .      SeeInvis .   i - +4 war axe
rCold   . . .      Faith    .   t - +1 kite shield
rNeg    . . .      Spirit   .   h - +0 chain mail
rPois   .          Reflect  .   (helmet restricted)
rElec   .          Harm     .   n - +2 cloak
rCorr   .          Rampage  .   (no gloves)
Will    .....                   (no boots)
Stlth   ..........              k - amulet of the acrobat
HPRegen 0.24/turn               (no ring)
MPRegen 0.11/turn               (no ring)

@: paralysed, lethally poisoned (0 -> -6), slowed
A: horns 2, retaliatory headbutt
a: Renounce Religion, Heroism


You were on level 8 of the Dungeon.
You worshipped Okawaru.
Okawaru was most pleased with you.
You visited 2 branches of the dungeon, and saw 9 of its levels.

You collected 315 gold pieces.

Inventory:

Hand Weapons
 i - a +4 war axe (weapon)
 r - a +4 flail of freezing
 y - a +0 morningstar
Armour
 h - a +0 chain mail (worn)
 n - a +2 cloak (worn)
 t - a +1 kite shield (worn)
Jewellery
 k - an amulet of the acrobat (around neck)
Wands
 d - a wand of roots (17)
 j - a wand of polymorph (10)
 v - a wand of mindburst (14)
Scrolls
 b - a scroll of enchant weapon {unknown}
 f - 2 scrolls of magic mapping
 m - a scroll of silence {unknown}
 p - 2 scrolls of amnesia
 q - a scroll of teleportation
Potions
 a - a potion of degeneration {unknown}
 c - a potion of flight {unknown}
 e - 5 potions of mutation
 g - 3 potions of lignification
 l - a potion of curing
 o - a potion of cancellation {unknown}
 s - a potion of attraction {unknown}
 u - 2 potions of invisibility {unknown}
 x - 3 potions of heal wounds {unknown}
 z - 2 potions of might
 A - 2 potions of berserk rage {unknown}
 B - a potion of haste {unknown}


   Skills:
 + Level 8.2 Fighting
 + Level 7.9 Axes
 + Level 8.4 Armour
 + Level 6.6 Dodging
 + Level 5.5 Stealth
 + Level 8.2 Shields


You had 9 spell levels left.
You didn't know any spells.
Your spell library contained the following spells:

 Spells                   Type           Power      Damage    Failure   Level
 Sandblast                Erth           0%         2d4       100%        1
 Passwall                 Tmut/Erth      0%         N/A       100%        2
 Portal Projectile        Hex/Tloc       0%         N/A       100%        3
 Stone Arrow              Conj/Erth      0%         3d7       100%        3
 Blade Hands              Tmut           0%         N/A       100%        5
 Summon Small Mammal      Summ           Unusable   N/A       N/A         1
 Call Canine Familiar     Summ           Unusable   N/A       N/A         3
 Summon Guardian Golem    Hex/Summ       Unusable   N/A       N/A         3
 Tukima's Dance           Hex            Unusable   N/A       N/A         3

Dungeon Overview and Level Annotations

Branches:
Dungeon (8/15)             Temple (1/1) D:5
   Lair: D:8-11

Altars:
Cheibriados
Dithmenos
Elyvilon
Fedhas
Gozag
Hepliaklqana
Kikubaaqudgha
Makhleb
Nemelex Xobeh
Okawaru
Qazlal
Ru
Sif Muna
Trog
Uskayaw
Vehumet
Wu Jian
Xom
Yredelemnul
Zin
The Shining One

Shops:
D:1 *   D:3 (   D:4 *   D:7 (

Annotations:
D:8 exclusions: oklob plant and oklob sapling


Innate Abilities, Weirdness & Mutations

You have a pair of horns on your head.
You reflexively headbutt those who attack you in melee.


Message History

The hornet is moderately wounded.
You feel yourself speed up. You block the hornet's attack.
The hornet stings you!
You are poisoned.
You feel yourself slow down. The hornet stings you.
You feel as though you will be slow longer.
You miss the hornet.
You headbutt the hornet, but do no damage.
The hornet is moderately wounded.
You feel very sick.
You block the hornet's attack. x2; The hornet barely misses you.
Unknown command.
You slash the hornet!
The hornet is heavily wounded.
You feel very sick. You block the hornet's attack.
The hornet closely misses you.
You miss the hornet. Your headbutt misses the hornet.
The hornet is heavily wounded.
You feel yourself speed up.
You feel sick. The hornet stings you!
You feel yourself slow down.
The hornet stings you but does no damage.
The hornet stings you.
You feel as though you will be slow longer.
You closely miss the hornet.
The hornet is heavily wounded.
You feel sick. The hornet stings you!
You are more poisoned.
You feel as though you will be slow longer.
You block the hornet's attack. The hornet barely misses you.
Unknown command.
You hit the hornet but do no damage. Your headbutt misses the hornet.
The hornet is heavily wounded.
You feel very sick. You block the hornet's attack. The hornet stings you.
* * * LOW HITPOINT WARNING * * *
You suddenly lose the ability to move!
You feel sick. The hornet stings you!
* * * LOW HITPOINT WARNING * * *
You shrug off the repeated paralysis!
The hornet stings you!
You die...

####.# ########.# #.#
#####........# ## #.#
##.....#####..# .# #.# #..###.#
#..# .# #.# #.♣♣♣♣♣♣♣♣♣♣..##
.###.##### ♣♣♣♣≈♣ ♣.!≈♣♣♣..
.#.......# ###...♣ ♣P≈P.≈♣♣♣
.....###.## . #.....♣♣♣♣≈≈~≈≈≈♣♣
.#........# ^.#@.#..).≈♣♣.≈≈P≈≈≈
.......#..#(.^.y^......≈♣≈≈~≈≈≈≈.
##.###.#..#....#..#...÷#♣≈≈~~≈≈~♣
##........#~...#......÷÷~≈≈~≈~~≈♣
...###.##.#### ###.÷..÷#♣~≈~≈≈≈♣♣
##.# #.##.# ♣..~~~~≈♣♣~≈♣♣♣.♣
##.###.##.# ♣.♣♣≈~≈≈≈≈♣≈~P.♣.♣
.#.##...#.###♣♣..♣≈≈≈≈≈♣♣♣♣♣~♣.♣♣
.'...<.......♣♣.♣♣≈≈≈≈♣♣.'.♣♣♣♣.~


You could see a hornet.

Vanquished Creatures
  2 hornets (D:8)
  Prince Ribbit (D:5)
  2 steam dragons (D:7)
  Duvessa (D:5)
  4 water moccasins
  2 orc warriors
  3 black bears
  2 sky beasts
  2 ice beasts (D:6)
  2 centaurs
  3 phantoms
  3 kobold brigands
  2 bullfrogs
  A scorpion (D:5)
  11 wights
  Dowan (D:5)
  4 killer bees (D:8)
  3 howler monkeys (D:7)
  2 hounds
  5 orc priests
  Crazy Yiuf (D:5)
  4 jellies
  7 iguanas
  Ijyb (D:5)
  10 orc wizards
  11 adders
  A shadow imp (D:8)
  A white imp (D:7)
  An ufetubus (D:6)
  3 worms
  A dart slug (D:4)
  30 orcs
  3 endoplasms
  A giant cockroach (D:4)
  9 goblins
  5 hobgoblins
  4 jackals (D:4)
  24 kobolds
  A quokka (D:4)
  17 ball pythons
  4 bats
  5 frilled lizards
  23 rats
223 creatures vanquished.

Vanquished Creatures (others)
  22 plants
22 creatures vanquished.

Grand Total: 245 creatures vanquished

Notes
Turn   | Place    | Note
-------+----------+-------------------------------------------
     0 | D:1      | hquester1 the Minotaur Fighter began the quest for the Orb.
     0 | D:1      | Reached XP level 1. HP: 19/19 MP: 0/0
   111 | D:1      | Found Cufros's General Store.
   265 | D:1      | Reached XP level 2. HP: 27/27 MP: 1/1
  1058 | D:2      | Reached skill level 1 in Dodging
  1340 | D:2      | Reached XP level 3. HP: 33/33 MP: 2/2
  1341 | D:2      | Reached skill level 1 in Stealth
  1505 | D:2      | Reached XP level 4. HP: 40/40 MP: 3/3
  1737 | D:3      | Found Entet's Antique Weapon Emporium.
  2584 | D:3      | Found a hazy altar of Hepliaklqana.
  2584 | D:3      | Found a glowing silver altar of Zin.
  2675 | D:4      | Noticed a centaur
  2686 | D:4      | Killed a centaur
  2687 | D:4      | Reached XP level 5. HP: 42/47 MP: 4/4
  3104 | D:4      | Found Qadwis's General Store.
  3154 | D:4      | Reached XP level 6. HP: 53/53 MP: 5/5
  3430 | D:4      | Reached skill level 5 in Armour
  3486 | D:4      | Reached skill level 5 in Shields
  3676 | D:5      | Entered Level 5 of the Dungeon
  3680 | D:5      | Reached skill level 5 in Fighting
  3680 | D:5      | Reached XP level 7. HP: 61/61 MP: 6/6
  3699 | D:5      | Noticed Duvessa
  3700 | D:5      | Noticed Dowan
  3716 | D:5      | Killed Duvessa
  3720 | D:5      | Killed Dowan
  3972 | D:5      | Noticed Prince Ribbit
  4002 | D:5      | Killed Prince Ribbit
  4003 | D:5      | Reached skill level 5 in Axes
  4003 | D:5      | Reached XP level 8. HP: 30/70 MP: 7/7
  4026 | D:5      | Found a sacrificial altar of Ru.
  4406 | D:5      | Noticed Ijyb
  4409 | D:5      | Killed Ijyb
  4465 | D:5      | Found a runed translucent door.
  4466 | D:5      | Noticed Crazy Yiuf
  4471 | D:5      | Killed Crazy Yiuf
  4713 | D:5      | Found a staircase to the Ecumenical Temple.
  4722 | Temple   | Entered the Ecumenical Temple
  4744 | Temple   | Became a worshipper of Warmaster Okawaru
  5068 | D:5      | Found a snail-covered altar of Cheibriados.
  5789 | D:6      | Reached * piety under Okawaru
  5827 | D:6      | Reached skill level 5 in Dodging
  5858 | D:6      | Reached XP level 9. HP: 58/78 MP: 8/8
  6401 | D:7      | Found Tiastrem's Weapon Shoppe.
  6457 | D:7      | Reached ** piety under Okawaru
  7492 | D:8      | Reached skill level 5 in Stealth
  7727 | D:8      | Found a stormy altar of Qazlal.
  8001 | D:8      | Noticed an oklob plant
  8207 | D:8      | Reached XP level 10. HP: 42/88 MP: 9/9
  8410 | D:8      | Found a faded altar of an unknown god.
  8410 | D:8      | Found a faded altar of an unknown god.
  8418 | D:8      | Found an opulent altar of Gozag.
  8423 | D:8      | Found a shimmering altar of Xom.
  8425 | D:8      | Found a basalt altar of Yredelemnul.
  8490 | D:8      | Reached *** piety under Okawaru
  9473 | D:8      | Paralysed by a hornet for 2 turns
  9481 | D:8      | Paralysed by a hornet for 3 turns
  9482 | D:8      | Slain by a hornet

Illustrated notes

Levels and vault maps discovered:
D:1:      dpeg_arrival_castle, layout_basic, serial_shops, shop_statue
D:2:      wad_lake_hut, layout_basic
D:3:      layout_loops_corners, gammafunk_temple_overflow_statue, serial_shops,
          shop, minmay_pentomino_pile
D:4:      layout_loops_ring, serial_shops, nicolae_lakefront_shop,
          minmay_misc_feat_five, minmay_misc_feat_plants,
          kennysheep_another_room, minmay_rat_hole
D:5:      layout_gridville, nicolae_ru_sacrificial_ziggurat,
          overflow_temple_1_default, minmay_temple_entry_fiery,
          uniq_crazy_yiuf_cottage, uniq_ijyb, uniq_prince_ribbit1, uniq_duvessa
D:6:      layout_basic
D:7:      layout_loops_ring, serial_shops, nicolae_shop_bloodbath_and_beyond,
          minmay_unpleasant_kobolds
D:8:      layout_loops_corners, kennysheep_mini_moat,
          chequers_temple_overflow_minitemple, introduction_to_nature_2
Temple:   nicolae_temple_bog_church

Skill      XL: |  1  2  3  4  5  6  7  8  9 10 |
---------------+-------------------------------+-----
Dodging        | 1 2 3 5 6 |  6.6
Armour         | 4 5 6 8 |  8.4
Stealth        | 1 2 3 4 5 |  5.5
Fighting       | 4 5 6 7 8 |  8.2
Axes           | 3 4 5 6 7 |  7.9
Shields        | 4 5 6 7 8 |  8.2

Action                   |  1- 3 |  4- 6 |  7- 9 | 10-12 || total
-------------------------+-------+-------+-------+-------++-------
Melee: War axe           |    84 |   151 |   300 |    74 ||   609
       Headbutt          |     7 |    22 |    46 |    10 ||    85
  Use: Potion            |       |       |     1 |     1 ||     2
       Scroll            |       |       |    13 |       ||    13
Armor: Scale mail        |     5 |       |       |       ||     5
       Chain mail        |    46 |    78 |   137 |    36 ||   297
Dodge: Dodged            |    51 |    80 |   103 |    36 ||   270
Block: Buckler           |    27 |    19 |       |       ||    46
       Kite shield       |       |    49 |   145 |    58 ||   252

Table legend: (Time is in decaauts)
 A = Elapsed time spent in this place.
 B = Non-inter-level travel time spent in this place.
 C = Inter-level travel time spent in this place.
 D = Time resting spent in this place.
 E = Time spent auto-exploring this place.
 F = Levels seen in this place.
 G = Mean time per level.
                   A        B        C        D        E       F      G
               +--------+--------+--------+--------+--------+-----+--------+
         Total |   9771 |   9568 |    203 |    916 |   6551 |   9 | 1085.7 |
       Dungeon |   9594 |   9397 |    197 |    916 |   6396 |   8 | 1199.2 |
        Temple |    176 |    171 |      5 |      0 |    154 |   1 |  176.0 |
               +--------+--------+--------+--------+--------+-----+--------+

Top non-repeatable levels by time:
     D:8: 2081 daAuts
     D:5: 1503 daAuts
     D:7: 1378 daAuts
     D:4: 1079 daAuts
     D:1: 986 daAuts
     D:3: 966 daAuts
     D:6: 813 daAuts
     D:2: 786 daAuts
  Temple: 176 daAuts
